 Dungeon Crawl Stone Soup version 0.23.2 (webtiles) character file.

Game seed: 12005829446923209564

3447 Marnok the Fighter (level 10, 0/110 HPs)
             Began as an Ogre Berserker on Apr 9, 2019.
             Succumbed to an adder's poison
             ... on level 5 of the Dungeon.
             The game lasted 00:13:47 (5391 turns).

Marnok the Fighter (Ogre Berserker)                 Turns: 5391, Time: 00:13:48

Health: 0/110      AC:  3    Str: 26      XL:     10   Next: 6%
Magic:  17/19      EV: 12    Int:  8      God:
Gold:   226        SH:  0    Dex:  7 (8)  Spells: 21/21 levels left

rFire    . . .     SeeInvis .   q - +1 giant spiked club
rCold    . . .     Gourm    .   (shield currently unavailable)
rNeg     . . .     Faith    .   b - +0 animal skin
rPois    .         Spirit   .   (helmet restricted)
rElec    .         Reflect  .   (no cloak)
rCorr    .         Harm     .   (gloves unavailable)
MR       +....     Clarity  +   (boots unavailable)
Stlth    +.........             (no amulet)
HPRegen  0.28/turn              (no ring)
MPRegen  0.16/turn              (no ring)

@: lethally poisoned (0 -> -1), hasted, very quick
A: large, unfitting armour, clarity, tough skin 1
a: no special abilities


You were on level 5 of the Dungeon.
You were not hungry.

You visited 1 branch of the dungeon, and saw 5 of its levels.
You also visited: Sewer.

You collected 226 gold pieces.

Inventory:

Hand Weapons
 a - a +0 mace
 g - a +1 falchion of electrocution
 i - a +0 hand axe of chopping
 l - a +0 short sword of venom
 q - a +1 giant spiked club (weapon)
 s - a +0 giant club
Missiles
 p - 2 tomahawks (quivered)
Armour
 b - a +0 animal skin (worn)
Wands
 t - a wand of enslavement (10)
Scrolls
 d - a scroll of teleportation
 e - 4 scrolls of remove curse
 f - 3 scrolls of blinking
 j - 2 scrolls of magic mapping
 m - 4 scrolls of identify
 n - 2 scrolls of amnesia
Potions
 h - 2 potions of flight
 r - a potion of agility
Comestibles
 c - 6 rations
 k - 2 chunks of flesh


   Skills:
 + Level 10.3 Fighting
 + Level 8.0 Maces & Flails
 + Level 5.7 Throwing
 + Level 4.6 Armour
 + Level 7.4 Dodging
 + Level 1.5 Stealth
 + Level 5.2 Unarmed Combat
 + Level 6.2 Spellcasting


You had 21 spell levels left.
You didn't know any spells.
Your spell library was empty.

Dungeon Overview and Level Annotations

Branches:
Dungeon (5/15)
 Temple: D:4-7

Altars:
Ashenzari
Fedhas
Kikubaaqudgha
Okawaru
Ru
Trog
The Shining One


Innate Abilities, Weirdness & Mutations

You are too large for most types of armour.
You have tough skin. (AC +1)
You possess an exceptional clarity of mind.


Message History

* * * LOW HITPOINT WARNING * * *
You feel sick.
As you read the scroll labeled MIUNLOCUMN, it crumbles to dust.
The air around you briefly surges with heat, but it dissipates.
It was a scroll of immolation.
Okay, then.
Okay, then.
k - 2 chunks of flesh
Okay, then.
As you read the scroll of teleportation, it crumbles to dust.
You feel strangely unstable.
* * * LOW HITPOINT WARNING * * *
You feel sick.
* * * LOW HITPOINT WARNING * * *
You feel sick.
Your surroundings suddenly seem different.
* * * LOW HITPOINT WARNING * * *
You feel sick.
Found a stone staircase leading down.
You die...

#.........# # ...
####...#### #....
#..)##### >#..
###....รท... ...
.......))###[ ..
.........# #.
..........#
#.##.##.######...).
#....@..# #...###
####.#### #...# #.
#...# #. .. #. #.
#.


There were no monsters in sight!

Vanquished Creatures
  Eustachio (D:5)
  2 ogres (D:4)
  A centaur (D:5)
  A big kobold (Sewer)
  2 hounds (D:4)
  An orc priest (D:3)
  A centaur skeleton (D:4)
  3 orc wizards
  A worker ant (D:5)
  A hound zombie (D:5)
  5 adders
  6 river rats
  2 oozes
  A dart slug (D:2)
  5 leopard geckos
  8 orcs
  6 goblins
  8 hobgoblins
  10 jackals
  3 quokkas
  A ball python (D:2)
  2 bats
  6 frilled lizards
  A giant cockroach zombie (D:4)
  9 kobolds
  9 rats
96 creatures vanquished.

Vanquished Creatures (others)
  An orc wizard (D:3)
1 creature vanquished.

Grand Total: 97 creatures vanquished

Notes
Turn   | Place    | Note
-------+----------+-------------------------------------------
     0 | D:1      | Marnok the Ogre Berserker began the quest for the Orb.
     0 | D:1      | Reached XP level 1. HP: 24/24 MP: 1/1
   440 | D:1      | Reached XP level 2. HP: 30/33 MP: 2/2
  1012 | D:2      | Reached XP level 3. HP: 25/40 MP: 3/3
  1215 | D:2      | Reached ** piety under Trog
  1258 | D:2      | Found a glowing golden altar of the Shining One.
  1269 | D:2      | Found an iron altar of Okawaru.
  1270 | D:2      | Found a bloodstained altar of Trog.
  1272 | D:2      | Found a blossoming altar of Fedhas.
  1273 | D:2      | Found an ancient bone altar of Kikubaaqudgha.
  1349 | D:2      | Found a sacrificial altar of Ru.
  1361 | D:2      | Reached skill level 5 in Fighting
  1361 | D:2      | Reached XP level 4. HP: 36/50 MP: 4/4
  1778 | D:3      | Found a glowing drain.
  1780 | D:3      | Gained mutation: You have a pair of small horns on your
                  | head. [potion of mutation]
  1780 | D:3      | Gained mutation: You are agile. (Dex +2) [potion of
                  | mutation]
  1804 | D:3      | Reached XP level 5. HP: 57/57 MP: 5/5
  1832 | Sewer    | Entered a sewer
  2133 | Sewer    | Noticed a big kobold
  2158 | Sewer    | Killed a big kobold
  2158 | Sewer    | Reached XP level 6. HP: 30/66 MP: 6/6
  2189 | Sewer    | Found a white marble altar of Elyvilon.
  2587 | D:3      | Found a shattered altar of Ashenzari.
  3800 | D:4      | Reached skill level 1 in Stealth
  3800 | D:4      | Reached XP level 7. HP: 73/74 MP: 7/7
  3801 | D:4      | Reached skill level 6 in Fighting
  4023 | D:4      | Reached skill level 5 in Maces & Flails
  4326 | D:4      | Lost mutation: You have a pair of small horns on your head.
                  | [potion of mutation]
  4326 | D:4      | Lost mutation: You are agile. (Dex +2) [potion of mutation]
  4326 | D:4      | Gained mutation: You have a pair of small horns on your
                  | head. [potion of mutation]
  4326 | D:4      | Lost mutation: You have a pair of small horns on your head.
                  | [potion of mutation]
  4326 | D:4      | Gained mutation: You possess an exceptional clarity of
                  | mind. [potion of mutation]
  4649 | D:5      | Entered Level 5 of the Dungeon
  4832 | D:5      | Reached skill level 5 in Dodging
  5066 | D:5      | Noticed Eustachio
  5091 | D:5      | Killed Eustachio
  5091 | D:5      | Reached XP level 8. HP: 27/84 MP: 8/8
  5099 | D:5      | Reached skill level 9 in Fighting
  5099 | D:5      | Reached XP level 9. HP: 12/98 MP: 8/16
  5329 | D:5      | Identified the +4 ring mail of Incorporation {rF+ rN+ rCorr
                  | Str-2}
  5375 | D:5      | HP: 4/98 [poisoned by an adder]
  5378 | D:5      | Fell from the grace of Trog
  5378 | D:5      | Reached skill level 10 in Fighting
  5378 | D:5      | Reached skill level 5 in Throwing
  5378 | D:5      | Reached skill level 5 in Unarmed Combat
  5378 | D:5      | Reached XP level 10. HP: 4/110 MP: 16/19
  5380 | D:5      | HP: 2/110 [poisoned by an adder]
  5385 | D:5      | HP: 1/110 [poisoned by an adder]
  5391 | D:5      | Succumbed to an adder's poison

Skill      XL: |  1  2  3  4  5  6  7  8  9 |
---------------+----------------------------+-----
Maces & Flails | 3 4 5 7 8 |  8.0
Dodging        | 3 4 5 6 7 |  7.4
Fighting       | 5 6 9 10 | 10.3
Stealth        | 1 |  1.5
Throwing       | 4 5 |  5.7
Armour         | 3 4 |  4.6
Unarmed Combat | 4 5 |  5.2
Spellcasting   | 4 6 |  6.2

Action                   |  1- 3 |  4- 6 |  7- 9 | 10-12 || total
-------------------------+-------+-------+-------+-------++-------
Melee: Mace              |    89 |   185 |     1 |       ||   275
       Headbutt          |       |    30 |     4 |       ||    34
       Giant spiked club |       |       |    97 |       ||    97
       Giant club        |       |       |    12 |       ||    12
Invok: Berserk           |       |     5 |     1 |       ||     6
  Use: Potion            |       |     7 |     7 |       ||    14
       Scroll            |       |     5 |       |     4 ||     9
 Stab: Paralysed         |       |     1 |       |       ||     1
       Sleeping          |       |     1 |       |       ||     1
  Eat: Chunk             |     1 |     9 |     5 |       ||    15
       Ration            |       |     1 |     1 |       ||     2
Armor: Animal skin       |    34 |    33 |    43 |       ||   110
       Skin              |       |    41 |       |       ||    41
Dodge: Dodged            |    57 |   101 |   126 |       ||   284
